 Dungeon Crawl Stone Soup version 0.24.0-123-gd5b16e6ec5 (webtiles) character file.

Game seed: 3690124027052213471, levelgen mode: deterministic

1136 Elellon the Cudgeler (level 8, -4/73 HPs)
             Began as a Deep Dwarf Fighter on Jan 2, 2020.
             Slain by a wight
             ... wielding a cursed +4 battleaxe
              (18 damage)
             ... on level 5 of the Dungeon.
             The game lasted 00:18:01 (3876 turns).

Elellon the Cudgeler (Deep Dwarf Fighter)           Turns: 3876, Time: 00:18:01

Health: -4/73      AC:  7    Str: 22    XL:     8   Next: 14%
Magic:  5/5        EV:  9    Int:  9    God:
Gold:   192        SH:  9    Dex: 12    Spells: 7/7 levels left

rFire    + . .     SeeInvis .   q - +2 mace (drain)
rCold    . . .     Gourm    .   c - +0 shield
rNeg     . . .     Faith    .   b - +0 scale mail
rPois    .         Spirit   .   u - +0 helmet
rElec    .         Reflect  .   (no cloak)
rCorr    .         Harm     .   (no gloves)
MR       +....                  (no boots)
Stlth    ..........             (no amulet)
HPRegen  0.00/turn              i - ring of protection from fire
MPRegen  0.09/turn              v - ring of wizardry

@: non-regenerating, lightly drained
A: damage resistance, heal wounds, sense surroundings 1, no regeneration
a: Heal Wounds


You were on level 5 of the Dungeon.
You were hungry.

You visited 1 branch of the dungeon, and saw 5 of its levels.

You collected 192 gold pieces.

Inventory:

Hand Weapons
 a - a +0 war axe
 q - a +2 mace of draining (weapon)
Missiles
 n - 18 poisoned darts (quivered)
Armour
 b - a +0 scale mail (worn)
 c - a +0 shield (worn)
 u - a +0 helmet (worn)
Jewellery
 i - a ring of protection from fire (left hand)
 v - a ring of wizardry (right hand)
Wands
 p - a wand of flame (16)
Scrolls
 h - a scroll of remove curse
 j - 4 scrolls of identify
 k - 2 scrolls of blinking {unknown}
 o - a scroll of amnesia
 s - a scroll of teleportation
 x - 4 scrolls of magic mapping
 y - a scroll of fog {unknown}
Potions
 d - a potion of might
 e - a potion of berserk rage {unknown}
 g - a potion of magic {unknown}
 l - a potion of ambrosia {unknown}
 m - 4 potions of heal wounds
 r - 3 potions of curing
 t - a potion of mutation {unknown}
 w - 2 potions of degeneration {unknown}
 z - a potion of lignification {unknown}
Comestibles
 f - 6 rations


   Skills:
 + Level 4.5(4.2) Fighting
 - Level 4.2(5.9) Axes
 + Level 6.6(6.7) Maces & Flails
 + Level 2.0(1.7) Throwing
 - Level 3.2(2.9) Armour
 + Level 3.5(3.2) Dodging
 + Level 0.1(0.0) Stealth
 - Level 3.2(2.9) Shields


You had 7 spell levels left.
You didn't know any spells.
Your spell library contained the following spells:

 Spells                   Type           Power        Failure   Level  Hunger
 Animate Skeleton         Necr           N/A          87%         1    ##.....
 Pain                     Necr           #...         87%         1    ##.....
 Vampiric Draining        Necr           #.........   99%         3    ####...
 Animate Dead             Necr           N/A          100%        4    #####..
 Regeneration             Chrm/Necr      Unusable     N/A         3    N/A

Dungeon Overview and Level Annotations

Branches:
Dungeon (5/15)
 Temple: D:4-7

Altars:
Hepliaklqana
Kikubaaqudgha
Okawaru
Wu Jian
Zin

Shops:
D:4 [


Innate Abilities, Weirdness & Mutations

You are resistant to damage.
You can heal yourself by infusing magical energy.
You passively map a small area around you.
You do not regenerate.


Message History

You hit the wight but do no damage.
The wight is moderately damaged.
The wight closely misses you.
You hit the wight.
The wight is heavily damaged.
You block the wight's attack.
You sock the wight!
The wight is almost destroyed.
The wight hits you with a cursed +4 battleaxe.
You closely miss the wight.
The wight is almost destroyed.
The wight hits you but does no damage.
You hit the wight but do no damage.
The wight is almost destroyed.
The wight hits you with a cursed +4 battleaxe!
* * * LOW HITPOINT WARNING * * *
You barely miss the wight.
The wight is almost destroyed.
The wight hits you with a cursed +4 battleaxe!!
You die...

....#<....##
###.................
#####.#.###
##..........(.##.####
#.....#####..........(..##.# *
#............########(####.###
#.....#.###..# #(........
#####...###.## ######.#...####
###.......# #....(...###
####.....########.......##
##.......####...@z.......#
..............####.......#
.........###### #.......#
.........# #.......#
........## #.......# ..>######
#.......# ...# #.......# ####
#.......# #########


You could see a wight.

Vanquished Creatures
  An orc warrior (D:5)
  2 sky beasts (D:4)
  A centaur (D:5)
  A scorpion (D:5)
  2 wights (D:5)
  2 crimson imps (D:5)
  2 orc wizards
  3 orc priests (D:3)
  Ijyb (D:4)
  Terence (D:2)
  4 worker ants
  Robin (D:2)
  10 gnolls
  5 adders
  3 oozes
  A worm (D:4)
  4 dart slugs
  5 leopard geckos
  9 orcs
  2 giant cockroaches
  14 goblins
  9 hobgoblins
  9 jackals
  2 quokkas
  6 bats
  4 frilled lizards
  13 kobolds
  A quokka skeleton (D:5)
  12 rats
130 creatures vanquished.

Notes
Turn   | Place    | Note
-------+----------+-------------------------------------------
     0 | D:1      | Elellon the Deep Dwarf Fighter began the quest for the Orb.
     0 | D:1      | Reached XP level 1. HP: 20/20 MP: 1/1
   114 | D:1      | Reached XP level 2. HP: 25/28 MP: 2/2
   298 | D:1      | Reached XP level 3. HP: 20/34 MP: 3/3
   715 | D:2      | Found an ancient bone altar of Kikubaaqudgha.
   759 | D:2      | Noticed Terence
   842 | D:2      | Killed Terence
   842 | D:2      | Reached XP level 4. HP: 35/42 MP: 4/4
   897 | D:2      | Noticed Robin
   902 | D:2      | Killed Robin
   916 | D:2      | Reached skill level 1 in Throwing
   979 | D:2      | Found a faded altar of an unknown god.
  1201 | D:2      | Reached skill level 1 in Maces & Flails
  1215 | D:2      | Reached XP level 5. HP: 31/49 MP: 5/5
  1669 | D:3      | Reached skill level 1 in Dodging
  1897 | D:3      | Reached skill level 2 in Maces & Flails
  2149 | D:3      | Reached skill level 3 in Maces & Flails
  2160 | D:3      | Reached XP level 6. HP: 21/56 MP: 6/6
  2257 | D:4      | Found a hazy altar of Hepliaklqana.
  2268 | D:4      | Found Wiomug's Armour Shop.
  2347 | D:4      | Noticed Ijyb
  2367 | D:4      | Killed Ijyb
  2410 | D:4      | Found an iron altar of Okawaru.
  2518 | D:4      | Got a translucent leather armour
  2876 | D:4      | Found a glowing silver altar of Zin.
  3107 | D:5      | Entered Level 5 of the Dungeon
  3107 | D:5      | Noticed a sky beast
  3128 | D:4      | Killed a sky beast
  3128 | D:4      | Reached skill level 4 in Maces & Flails
  3146 | D:5      | Reached XP level 7. HP: 41/62 MP: 6/6
  3230 | D:5      | Found an ornate altar of the Wu Jian Council.
  3260 | D:5      | Reached skill level 5 in Maces & Flails
  3387 | D:5      | Identified the cursed +1 leather armour of Giuf {rF+ rC+++
                  | rCorr Str-5} (You found it on level 4 of the Dungeon)
  3611 | D:4      | Reached skill level 6 in Maces & Flails
  3616 | D:4      | Reached XP level 8. HP: 35/73 MP: 5/5
  3876 | D:5      | Slain by a wight

Levels and vault maps discovered:
D:1:      dpeg_arrival_renting, layout_loops_ring, minmay_box_of_dots
D:2:      layout_loops_ring, kiku_gazebo_garden_becter,
          chequers_ecumenical_altar_island, first_ration, uniq_robin,
          uniq_terence
D:3:      minmay_spotlight, layout_loops_ring, grunt_ministairs_5,
          minmay_diced_spiral
D:4:      layout_cave_pods, zin_statuary, okawaru_metal_pillars_3,
          kennysheep_mini_moat, serial_shops, shop, uniq_ijyb
D:5:      layout_rooms, nicolae_overflow_hidden_temple

Skill      XL: |  1  2  3  4  5  6  7  8 |
---------------+-------------------------+-----
Fighting       | 3 4 |  4.5
Axes           | 3 4 |  4.2
Throwing       | 1 2 |  2.0
Maces & Flails | 1 3 4 6 |  6.6
Dodging        | 2 3 |  3.5
Armour         | |  3.2
Stealth        | |  0.1
Shields        | |  3.2

Action                   |  1- 3 |  4- 6 |  7- 9 || total
-------------------------+-------+-------+-------++-------
Melee: War axe           |    60 |       |       ||    60
       Mace              |       |   241 |   124 ||   365
       Unarmed           |       |     3 |       ||     3
Throw: Dart              |    17 |    19 |    11 ||    47
 Abil: Heal Wounds       |     1 |     2 |     7 ||    10
  Use: Scroll            |       |     1 |     5 ||     6
  Eat: Chunk             |       |     6 |       ||     6
       Ration            |       |     1 |       ||     1
Armor: Scale mail        |    17 |   128 |    42 ||   187
Dodge: Dodged            |    14 |    84 |    35 ||   133
Block: Shield            |    24 |   134 |    56 ||   214
